cohdb
Replays
Latest Replays
All Replays
Popular Replays
Top Player Replays
Match Explorer
How It Works
Community
CoH3 Stats
Reddit
Sign in to upload your games and track your stats! →
Sign in with Steam
Match 46685165
Unlisted
Match 46685165
Overview
Messages
Build Orders
End
Vickers Machine Gun Team
Construct Section Command Post
Selects Air and Sea Battlegroup
Dingo Light Scout Car
Vickers Machine Gun Team
Selects Supply Surplus
Construct Platoon Command Post
6-pounder Anti-tank Gun Team
CMP 15cwt Truck
Selects Commando Section Paradrop
Commando Section Paradrop
Selects Commando Support Section Paradrop
Commando Support Section Paradrop
Unlock Bishop Self-propelled Artillery
Construct Company Command Post
Selects UNKNOWN (223837)
Construct Resource Cache
Construct Resource Cache
Unlock M3 Grant Medium Tanks
Centaur IV Medium Tank
Kakamora
okinawa
Fate
Angpang
MG42
jodone
Saltanyaa
supercondition
0
0
Comments
sign in to comment!
No comments posted yet!